[Event "27th Sharjah International Rapid Chess-c"]
[Site "Sharjah"]
[Date "2022.04.07"]
[Round "5.15"]
[White "Geldiyeva, Mahri"]
[Black "Aditya, Fenu"]
[Result "1-0"]
[ECO "E10"]
[WhiteElo "2139"]
[BlackElo "1455"]
[Annotator "TA"]
[PlyCount "203"]
[EventDate "2022.04.07"]
[EventType "rapid"]
[EventCountry "UAE"]
[SourceTitle "playchess.com"]
[Source "ChessBase"]
[SourceQuality "1"]
[TimeControl "600+3"]

1. d4 Nf6 2. c4 e6 3. Nf3 d5 4. e3 Be7 5. Bd3 O-O 6. O-O b6 7. cxd5 exd5 8. Nbd2 c5 9. b3 Nc6 10. Bb2 Bg4 11. h3 Bh5 12. Rc1 Nb4 13. Bb1 Bg6 14. a3 Bxb1 15. Rxb1 Nd3 16. Ba1 cxd4 17. Nxd4 Rc8 18. N2f3 Nc5 19. b4 Nce4 20. Qa4 Qd7 21. Qa6 Bd6 22. Rbc1 h6 23. Rfd1 Rfe8 24. Qd3 Rxc1 25. Rxc1 Rc8 26. Rd1 Qa4 27. Bb2 a5 28. b5 Qc4 29. Nc6 Qxd3 30. Rxd3 Bc5 31. a4 Kf8 32. Nd2 Be7 33. f3 Nc5 34. Rd4 Ne6 35. Rd3 Nc5 36. Ra3 Ne6 37. Ra1 Bc5 38. Kf2 Nf4 39. Ba3 Bxa3 40. Rxa3 Ne6 41. Nb3 Ke8 42. Ra1 Kd7 43. Rd1 Ke8 44. g4 g6 45. h4 Kf8 46. Nbd4 Nc5 47. Ra1 Kg7 48. g5 hxg5 49. hxg5 Nfd7 50. Ne7 Re8 51. Nxd5 Re5 52. e4 Rxg5 53. Nc6 Rh5 54. Nc3 Rh2+ 55. Ke3 Rc2 56. Ra3 Rh2 57. Ne2 Rg2 58. Nf4 Rc2 59. Nd3 Rc4 60. Nb2 Rb4 61. Ra2 Nf6 62. Ne5 Rb3+ 63. Nbd3 Nfd7 64. Kd4 Nxd3 65. Nxd3 Rb1 $1 66. Rc2 Rd1 67. Ke3 Kf6 68. Rc7 Ke6 69. Nf4+ Kd6 $2 (69... Ke7 $16) 70. Rc6+ $18 Ke7 71. Nd5+ Kd8 72. Nxb6 (72. Rd6 $142) 72... Nxb6 $18 73. Rxb6 Ra1 74. Rd6+ $1 Kc7 75. Rd4 g5 76. Kf2 ({White should try} 76. Rc4+ $18 Kd6 77. Rd4+ Kc7 78. Kf2) 76... Kb6 77. Rc4 Kb7 $2 (77... f6 $16 78. Kg2 (78. Rc6+ Kb7 $16) 78... Kb7) 78. e5 $1 $18 Kb8 79. f4 gxf4 80. Rxf4 Ra2+ 81. Kf3 Ra3+ {[%emt 0:00:01] [#]} 82. Kg4 $1 Re3 83. Kf5 Kb7 84. Kf6 Kb6 85. Rc4 (85. Rf5 $142 Re4 86. Kxf7 Rxa4 87. e6) 85... Kb7 86. Rc5 $2 (86. Rh4 {Hoping for Rh5.} Rf3+ 87. Kg5) 86... Rf3+ $18 {[%emt 0:00:01] [#]} 87. Ke7 $2 (87. Kg5 $1 $18 {is the precise move to win.}) 87... Rf4 $16 88. Rd5 ({Only move:} 88. Rc6 $16 Re4 89. Kxf7 Rxe5 90. Ra6) 88... Kb6 $2 (88... Rxa4 $11 89. Kxf7 Rf4+ 90. Kg6 Re4) 89. Rd6+ $18 Kc5 90. Rf6 Re4 91. Rc6+ $2 (91. Rf5 {Strongly threatening e6+.} Kb6 92. Kxf7) 91... Kb4 $2 (91... Kd5 92. Kxf7 Rxe5) 92. Kf6 $2 (92. b6 $18 {Intending b7 and mate.} Rxe5+ 93. Kd6) 92... Kxa4 $11 93. b6 Rb4 $1 94. Kxf7 Kb5 95. Rd6 Kc5 96. Ke7 Re4 $2 (96... a4 $11) 97. e6 Rh4 98. Kd7 Rh7+ 99. e7 a4 100. b7 Rh8 101. Ra6 Rb8 102. e8=Q 1-0

[Event "27th Sharjah International Rapid Chess-c"]
[Site "Sharjah"]
[Date "2022.04.07"]
[Round "5.16"]
[White "Sultan, Ibrahim"]
[Black "Vishal Choudary B"]
[Result "0-1"]
[ECO "A80"]
[WhiteElo "2029"]
[BlackElo "2109"]
[Annotator "TA"]
[PlyCount "51"]
[EventDate "2022.04.07"]
[EventType "rapid"]
[EventCountry "UAE"]
[SourceTitle "playchess.com"]
[Source "ChessBase"]
[SourceQuality "1"]
[TimeControl "600+3"]

1. d4 f5 2. Bg5 c6 3. e3 d6 4. Bd3 Qb6 5. b3 g6 {[%emt 0:00:08] [#]} 6. h4 $146 {[%emt 0:00:03] A80: Dutch Defence: Unusual White second moves.} ({Predecessor:} 6. Nd2 Bg7 7. Ne2 Nf6 8. c4 O-O 9. O-O Na6 10. Rc1 c5 11. d5 e5 12. dxe6 Bxe6 {0-1 (66) Popchev,M (2300)-Grigorov,J (2435) Sofia 1985}) 6... h6 7. Bf4 Bg7 8. g4 (8. Nd2 $11 {keeps the balance.}) 8... e5 $17 9. gxf5 $2 {[%emt 0:01:11] [#]} exf4 $19 10. fxg6 fxe3 11. fxe3 Nf6 12. Ne2 (12. Qd2 {was called for.}) 12... O-O 13. Nd2 d5 14. Nf4 (14. O-O $142) 14... Re8 15. Nf3 Bg4 16. Kd2 Ne4+ 17. Kc1 Nf2 18. Qg1 Nxd3+ 19. cxd3 Bxf3 20. Rh3 Nd7 {[%emt 0:00:58][%cal Oc6c5,Bb8d7,Bd7f6,Bf6g4][%mdl 32] [#] Hoping for ...c5!} 21. Rxf3 Nf6 {[%emt 0:00:01] Prevents Nh5. ...c5 is the strong threat.} 22. Qf2 $2 (22. Kd1 Rac8 23. Rc1) 22... c5 {[%emt 0:00:06] Black is clearly winning.} 23. Ne2 Rac8 24. Kd1 cxd4 25. Nxd4 Ng4 26. Qg2 {White did not feel at home in the position after the opening.  Weighted Error Value: White=1.53/Black=0.37} 0-1

[Event "27th Sharjah International Rapid Chess-c"]
[Site "Sharjah"]
[Date "2022.04.07"]
[Round "5.17"]
[White "Hamad Bader"]
[Black "Fernandez, Dandel"]
[Result "0-1"]
[ECO "C40"]
[WhiteElo "1870"]
[BlackElo "2011"]
[Annotator "TA"]
[PlyCount "82"]
[EventDate "2022.04.07"]
[EventType "rapid"]
[EventCountry "UAE"]
[SourceTitle "playchess.com"]
[Source "ChessBase"]
[SourceQuality "1"]
[TimeControl "600+3"]

1. e4 e5 2. Nf3 f5 3. Nxe5 Qf6 4. d4 d6 5. Nc4 fxe4 6. Be2 Qd8 {[%emt 0:00:04] C40: Latvian and Elephant Gambits.} 7. O-O {[%emt 0:00:10] Black must now prevent f3.} Nf6 8. Ne3 Be7 {[%emt 0:00:03] White is better.} 9. c4 O-O 10. Nc3 {[%emt 0:00:01] [#]} Qe8 $146 ({Predecessor:} 10... Be6 11. Qc2 Nc6 12. Rd1 Bf7 13. Nxe4 Bg6 14. Bf3 Qd7 15. Nxf6+ Bxf6 16. Qa4 Rae8 {½-½ (41) Alvarez Villar,H (2325)-Malmstroem,J (2223) SEMI email 2000}) 11. Ned5 Nxd5 12. Nxd5 Bd8 13. Bg4 (13. Bh5 $16 g6 14. Bg4) 13... Nd7 14. Re1 (14. Nc3 $14) 14... c6 15. Bxd7 (15. Nc3 $11) 15... Bxd7 $15 16. Nc3 Qf7 $1 17. Be3 Qg6 (17... d5 $15) 18. Ne2 Bg4 19. Qb3 Ba5 $40 {[%emt 0:00:08][%mdl 128] Black attacks.} 20. Nf4 {[%emt 0:01:28] [#] Black keeps a firm grip on the game.} Qf7 21. h3 {[%emt 0:01:21] [#]} g5 $1 22. Ne2 Bxe1 {[%emt 0:01:00] &Nero is more active.} 23. Rxe1 Bxe2 24. Rxe2 h6 25. a4 (25. d5 $17) 25... d5 $19 26. c5 (26. Rc2 $142) 26... Rae8 27. Qc3 (27. Rd2 $142) 27... Qg7 28. b4 h5 29. b5 (29. Qc1 $142) 29... g4 30. h4 g3 31. fxg3 Qxg3 32. Qd2 (32. Qe1 $142 Qxe1+ 33. Rxe1) 32... Qxh4 {[%emt 0:00:13] Black is clearly winning.} 33. Bg5 Qg4 34. bxc6 bxc6 35. Bh6 Rf5 {[%emt 0:00:54] Strongly threatening ...h4.} 36. Rf2 Re6 {[%emt 0:00:47] aiming for ...Rxf2.} 37. Rxf5 Qxf5 38. Be3 Rg6 39. Qe2 h4 {[%emt 0:00:02] ( -> ...h3)} 40. Kh2 {[%emt 0:00:02] Inhibits h3.} h3 41. gxh3 Qf3 {Weighted Error Value: White=0.62/Black=0.25 (precise)} 0-1

[Event "27th Sharjah International Rapid Chess-c"]
[Site "Sharjah"]
[Date "2022.04.07"]
[Round "5.18"]
[White "Mohammed, Dilshad"]
[Black "Mohammad Abdulrahman, Alawadhi"]
[Result "1-0"]
[ECO "A06"]
[WhiteElo "2041"]
[BlackElo "1371"]
[Annotator "TA"]
[PlyCount "127"]
[EventDate "2022.04.07"]
[EventType "rapid"]
[EventCountry "UAE"]
[SourceTitle "playchess.com"]
[Source "ChessBase"]
[SourceQuality "1"]
[TimeControl "600+3"]

1. Nf3 d5 2. c4 c6 3. e3 Nf6 4. Nc3 e6 5. Qc2 Nbd7 6. d4 dxc4 7. Bxc4 Bd6 8. O-O O-O 9. Rd1 Qc7 10. a4 e5 11. a5 exd4 12. exd4 h6 13. h3 b5 14. axb6 Nxb6 15. Bd3 Be6 16. Bd2 a5 17. b3 Nbd5 18. Ne4 Bb4 19. Nxf6+ Nxf6 20. Ne5 Bd5 21. Bf4 Qb7 22. Nc4 Rfd8 23. Be5 Nd7 24. Bf4 Nf6 25. Rac1 Bf8 26. Rb1 (26. Qd2 $11) 26... c5 $15 27. f3 cxd4 28. Be5 Be6 29. Bxf6 gxf6 30. Qd2 Qc7 31. f4 a4 32. Rdc1 Bxc4 (32... Rdb8 $17 33. Ne5 Bb4 $1) 33. Rxc4 $11 Qa5 34. Qxa5 Rxa5 35. Rxa4 Rxa4 36. bxa4 Ra8 37. Ra1 Ra5 38. Bb5 Bb4 39. Kf2 Bc3 40. Rb1 Ra7 41. Ke2 Re7+ 42. Kd3 Re3+ 43. Kc4 Re2 44. Bc6 Ra2 45. Kb3 Rf2 46. Bf3 Kg7 47. f5 h5 48. Kc4 ({Better is} 48. h4 $1 $14) 48... Ra2 $11 49. Bc6 h4 50. Rb7 Rf2 51. Bd5 Rxf5 52. Rxf7+ Kh6 $1 {[%emt 0:00:01] [#]} 53. Rf8 (53. Ra7 $1 $16) 53... Kg5 $11 54. Rg8+ Kh6 (54... Kf4 $11) 55. Rg4 Rxd5 $2 (55... Rf1 $16) 56. Kxd5 $18 d3 57. Rxh4+ Kg6 58. Rg4+ (58. Rf4 $142 Be1 59. Rd4) 58... Kf7 59. Rf4 (59. Rg3 $142 d2 60. Rd3 Ba5 61. Kc4 Bc7 62. Rxd2 Ke6 63. Kb5 f5 64. a5) 59... d2 60. Rf1 Ke7 61. Kc4 Ba5 62. Kd3 Kd6 63. Rd1 Ke5 64. Rxd2 1-0

[Event "27th Sharjah International Rapid Chess-c"]
[Site "Sharjah"]
[Date "2022.04.07"]
[Round "5.19"]
[White "Almaamari, Zainab Darwish"]
[Black "Ahmed, Fareed"]
[Result "0-1"]
[ECO "A02"]
[WhiteElo "1374"]
[BlackElo "1893"]
[Annotator "NA RC"]
[PlyCount "104"]
[EventDate "2022.04.07"]
[EventType "rapid"]
[EventCountry "UAE"]
[SourceTitle "playchess.com"]
[Source "ChessBase"]
[SourceQuality "1"]
[TimeControl "600+3"]

1. f4 Nf6 2. g3 d6 3. Bg2 Nbd7 4. e4 e5 5. f5 c6 6. d4 exd4 7. Qxd4 Qb6 8. Qxb6 axb6 9. Bf4 Nc5 10. Nc3 b5 11. b4 Na4 12. Nge2 Nxc3 13. Nxc3 Ra3 14. Nb1 Ra4 15. c3 Be7 16. O-O O-O 17. Rd1 Rd8 18. Be3 Nd7 19. Bf4 Ne5 20. Bxe5 dxe5 21. Rxd8+ Bxd8 22. Nd2 g6 23. g4 Bg5 24. Nf3 Be3+ 25. Kf1 gxf5 26. gxf5 f6 27. Ke2 Bf4 28. h3 Kf7 29. Ne1 Ra3 30. Kd3 b6 31. Nc2 Ra7 32. c4 Rd7+ 33. Kc3 bxc4 34. Kxc4 Ba6+ 35. Kb3 Rd3+ 36. Kb2 Rd2 37. Bf1 Bb7 38. Kc3 c5 39. Bc4+ Kg7 40. Bd3 cxb4+ 41. Nxb4 Rh2 42. Rg1+ Kf8 43. Nd5 Bxd5 44. exd5 Rxh3 45. Kc4 Be3 46. Rb1 Rh4+ 47. Kb5 Bc5 48. Kc6 Rd4 49. Ba6 h5 50. Rh1 h4 51. Kd7 Rxd5+ 52. Ke6 Rd6# 0-1

[Event "27th Sharjah International Rapid Chess-c"]
[Site "Sharjah"]
[Date "2022.04.07"]
[Round "5.20"]
[White "Ainikkal, Shaheen"]
[Black "Delloro, Noli"]
[Result "0-1"]
[ECO "A06"]
[WhiteElo "1315"]
[BlackElo "1756"]
[Annotator "NA RC"]
[PlyCount "100"]
[EventDate "2022.04.07"]
[EventType "rapid"]
[EventCountry "UAE"]
[SourceTitle "playchess.com"]
[Source "ChessBase"]
[SourceQuality "1"]
[TimeControl "600+3"]

1. Nf3 d5 2. g3 Bf5 3. Bg2 c6 4. O-O Nd7 5. d4 e6 6. c3 Ngf6 7. Nh4 Bg4 8. h3 Bh5 9. Bg5 Be7 10. g4 Bg6 11. Nxg6 hxg6 12. Qb3 Qb6 13. Nd2 a5 14. Rfe1 a4 15. Qxb6 Nxb6 16. a3 Nfd7 17. Bxe7 Kxe7 18. e4 Kd6 19. e5+ Ke7 20. Re3 c5 21. Rc1 Rac8 22. Rd3 cxd4 23. Rxd4 Nxe5 24. f4 Nec4 25. Nxc4 Nxc4 26. Rc2 Rc5 27. Re2 Kd6 28. Bf1 b5 29. Kh2 Rcc8 30. Rf2 Ne3 31. Be2 Nc4 32. Bd3 Rb8 33. Re2 Na5 34. Rb4 Nc4 35. Bxc4 dxc4 36. Rd2+ Kc6 37. Kg3 Rbd8 38. Re2 Rd3+ 39. Kf2 Rhxh3 40. Re5 Rd5 41. Rxd5 exd5 42. f5 gxf5 43. gxf5 Rd3 44. Ke2 Kc5 45. Kf2 d4 46. cxd4+ Rxd4 47. Ke3 Rd3+ 48. Kf4 Rb3 49. Rxb3 cxb3 50. Ke4 b4 0-1

[Event "27th Sharjah International Rapid Chess-c"]
[Site "Sharjah"]
[Date "2022.04.07"]
[Round "5.21"]
[White "Yahya Shuaib Al Kaff"]
[Black "Majed Ali, Abdouli"]
[Result "1-0"]
[ECO "A45"]
[WhiteElo "1346"]
[BlackElo "1687"]
[Annotator "NA RC"]
[PlyCount "41"]
[EventDate "2022.04.07"]
[EventType "rapid"]
[EventCountry "UAE"]
[SourceTitle "playchess.com"]
[Source "ChessBase"]
[SourceQuality "1"]
[TimeControl "600+3"]

1. d4 Nf6 2. Bf4 e6 3. e3 b6 4. Nf3 Bb7 5. Nbd2 c5 6. c3 Be7 7. Bd3 O-O 8. O-O d6 9. Qe2 Nbd7 10. e4 h6 11. h3 Re8 12. e5 dxe5 13. Nxe5 cxd4 14. cxd4 Nxe5 15. Bxe5 Bd6 16. Nc4 Bb8 17. a4 Qd5 18. f3 Rd8 19. Rfd1 Nd7 20. Be4 Nxe5 21. Bxd5 1-0

[Event "27th Sharjah International Rapid Chess-c"]
[Site "Sharjah"]
[Date "2022.04.07"]
[Round "5.22"]
[White "Soud, Jaber"]
[Black "Mamantuc Ibrahim Jr."]
[Result "1/2-1/2"]
[ECO "A06"]
[WhiteElo "1414"]
[BlackElo "1564"]
[Annotator "NA RC"]
[PlyCount "133"]
[EventDate "2022.04.07"]
[EventType "rapid"]
[EventCountry "UAE"]
[SourceTitle "playchess.com"]
[Source "ChessBase"]
[SourceQuality "1"]
[TimeControl "600+3"]

1. Nf3 d5 2. g3 f5 3. Bg2 Nf6 4. O-O e6 5. d4 a6 6. c4 c6 7. Nc3 Be7 8. Ne5 O-O 9. f3 Bd6 10. e4 dxe4 11. fxe4 Bxe5 12. dxe5 Qb6+ 13. Kh1 Ng4 14. Qe2 Nd7 15. exf5 exf5 16. Bf4 Nc5 17. h3 Nh6 18. Bxh6 gxh6 19. b3 Be6 20. Qe3 Kg7 21. Rad1 Rad8 22. Rd6 Rfe8 23. Rxf5 Rxd6 24. exd6 Nd7 25. Qxb6 Nxb6 26. Re5 Nd7 27. Re1 Bf7 28. Re4 Bg6 29. Rd4 Re1+ 30. Kh2 Rc1 31. Ne2 Rc2 32. Nf4 Rxa2 33. Ne6+ Kf6 34. Nd8 Ke5 35. Rd1 Be4 36. Rg1 Kxd6 37. Kh1 Bxg2+ 38. Rxg2 Rxg2 39. Kxg2 Kc7 40. Nf7 Nc5 41. b4 Nd3 42. b5 cxb5 43. cxb5 axb5 44. Kf3 b4 45. Ke3 Nc5 46. g4 b3 47. Kd2 Kd7 48. Nxh6 Ke6 49. Nf5 Ke5 50. Kc3 b5 51. Ne3 b4+ 52. Kxb4 b2 53. Nc4+ Kf4 54. Nxb2 Ne4 55. Kc4 Kg3 56. Kd4 Nf2 57. Nc4 Kxh3 58. Ne3 Nxg4 59. Nf5 Nh2 60. Ke3 Kg4 61. Nd4 h5 62. Kf2 Kf4 63. Kg2 Ng4 64. Ne2+ Kg5 65. Ng3 Ne3+ 66. Kf3 Nf5 67. Nxh5 1/2-1/2

[Event "27th Sharjah International Rapid Chess-c"]
[Site "Sharjah"]
[Date "2022.04.07"]
[Round "5.23"]
[White "Sahil Saxena"]
[Black "Thaarak Charen Saravankumar"]
[Result "0-1"]
[ECO "D00"]
[WhiteElo "1222"]
[BlackElo "1742"]
[Annotator "NA RC"]
[PlyCount "78"]
[EventDate "2022.04.07"]
[EventType "rapid"]
[EventCountry "UAE"]
[SourceTitle "playchess.com"]
[Source "ChessBase"]
[SourceQuality "1"]
[TimeControl "600+3"]

1. d4 d5 2. Bf4 Nf6 3. e3 c6 4. Nf3 Qb6 5. Qc1 Bf5 6. Bd3 Bxd3 7. cxd3 Nbd7 8. Nc3 Nh5 9. Bg3 Nxg3 10. hxg3 e6 11. Ne5 Nxe5 12. dxe5 d4 13. exd4 Qxd4 14. Qe3 Qb4 15. Qe2 Rd8 16. Rh4 Qa5 17. a3 Be7 18. Rg4 g5 19. Ra4 Qb6 20. O-O-O a5 21. Qe3 Qc7 22. f4 b5 23. Re4 b4 24. axb4 axb4 25. Ne2 Qa5 26. Kd2 Qa2 27. Ke1 Qxb2 28. Rd2 Qa1+ 29. Kf2 Qa5 30. Rd4 Rxd4 31. Nxd4 Bc5 32. Ke2 Qb6 33. Qe4 Bxd4 34. Rc2 Bc3 35. Qc4 g4 36. Ra2 O-O 37. Ra6 Qg1 38. d4 Qxg2+ 39. Kd3 Qf1+ 0-1

[Event "27th Sharjah International Rapid Chess-c"]
[Site "Sharjah"]
[Date "2022.04.07"]
[Round "5.24"]
[White "Osman Ibraheem"]
[Black "Safin, Safarullakhan"]
[Result "1-0"]
[ECO "C02"]
[WhiteElo "1787"]
[BlackElo "1301"]
[Annotator "NA RC"]
[PlyCount "137"]
[EventDate "2022.04.07"]
[EventType "rapid"]
[EventCountry "UAE"]
[SourceTitle "playchess.com"]
[Source "ChessBase"]
[SourceQuality "1"]
[TimeControl "600+3"]

1. e4 e6 2. d4 d5 3. e5 c5 4. c3 Nc6 5. Nf3 Qb6 6. Bd3 Bd7 7. Bc2 cxd4 8. cxd4 Bb4+ 9. Nc3 Nge7 10. O-O h6 11. a3 Bxc3 12. bxc3 O-O 13. Qd3 Ng6 14. Nh4 Nce7 15. a4 Qc7 16. Ba3 Be8 17. Bd6 Qd7 18. a5 f6 19. Ba4 Qd8 20. Bxe8 Nxh4 21. Ba4 Nhf5 22. Bxe7 Qxe7 23. Rfe1 fxe5 24. Rxe5 Qf6 25. Qe2 Nh4 26. Rxe6 Qg5 27. g3 Nf3+ 28. Kg2 Qh5 29. h4 Rf5 30. Re8+ Rxe8 31. Qxe8+ Qxe8 32. Bxe8 Nd2 33. Bg6 Rf6 34. Bd3 Rf3 35. Bg6 Rxc3 36. Re1 Ne4 37. Bxe4 dxe4 38. Rxe4 Ra3 39. Re7 Rxa5 40. Rxb7 Rd5 41. Rxa7 Rxd4 42. h5 Rd5 43. g4 Rd4 44. Kg3 Rd3+ 45. f3 Rd1 46. Rb7 Rc1 47. Kf4 Rc4+ 48. Ke5 Rc5+ 49. Kd4 Rc1 50. Ke4 Re1+ 51. Kf5 Rc1 52. Rb5 Rc3 53. f4 Rc6 54. g5 hxg5 55. fxg5 Kh7 56. Re5 Rc1 57. Re4 Rf1+ 58. Rf4 Rxf4+ 59. Kxf4 Kg8 60. Kf5 Kh7 61. Ke6 Kg8 62. Ke7 Kh8 63. Kf8 Kh7 64. Kf7 Kh8 65. h6 gxh6 66. g6 h5 67. g7+ Kh7 68. g8=Q+ Kh6 69. Qg6# 1-0

[Event "27th Sharjah International Rapid Chess-c"]
[Site "Sharjah"]
[Date "2022.04.07"]
[Round "5.25"]
[White "Dehghan, Ibrahim"]
[Black "Ghnatios, Ralph"]
[Result "0-1"]
[ECO "A43"]
[WhiteElo "1382"]
[BlackElo "1805"]
[Annotator "NA RC"]
[PlyCount "112"]
[EventDate "2022.04.07"]
[EventType "rapid"]
[EventCountry "UAE"]
[SourceTitle "playchess.com"]
[Source "ChessBase"]
[SourceQuality "1"]
[TimeControl "600+3"]

1. d4 Nf6 2. Nf3 c5 3. d5 d6 4. Nc3 g6 5. e4 Bg7 6. Be2 e6 7. O-O exd5 8. exd5 O-O 9. h3 Na6 10. Bf4 Nc7 11. a4 b6 12. Nd2 Nfxd5 13. Nxd5 Nxd5 14. Bf3 Nxf4 15. Bxa8 Ba6 16. Bf3 Bxf1 17. Nxf1 Bxb2 18. Rb1 Bd4 19. Ne3 Qg5 20. Kh1 Re8 21. c3 Be5 22. Ng4 h5 23. Nxe5 Qxe5 24. Qd2 c4 25. Bc6 Re7 26. Bb5 d5 27. Rd1 Kg7 28. Qd4 Ne2 29. Qxe5+ Rxe5 30. a5 Nxc3 31. axb6 axb6 32. f4 Rf5 33. Re1 Nxb5 34. Rb1 d4 35. g4 Rd5 36. gxh5 Rxh5 37. Kg2 d3 38. f5 Rxf5 39. h4 Rd5 40. h5 gxh5 41. Kf3 d2 42. Rg1+ Kf6 43. Rd1 Nc3 44. Rg1 d1=Q+ 45. Rxd1 Rxd1 46. Ke3 Na4 47. Ke2 Rd5 48. Ke3 Ke5 49. Kf3 Rd4 50. Ke3 b5 51. Kf3 Re4 52. Kf2 Kf4 53. Kg2 Re3 54. Kf2 b4 55. Kg2 Rf3 56. Kg1 Kg3 0-1

[Event "27th Sharjah International Rapid Chess-c"]
[Site "Sharjah"]
[Date "2022.04.07"]
[Round "5.26"]
[White "Mohamed Saeed Laily"]
[Black "Rashid Husain Alhammadi"]
[Result "1/2-1/2"]
[ECO "D00"]
[WhiteElo "2055"]
[BlackElo "1184"]
[Annotator "TA"]
[PlyCount "127"]
[EventDate "2022.04.07"]
[EventType "rapid"]
[EventCountry "UAE"]
[SourceTitle "playchess.com"]
[Source "ChessBase"]
[SourceQuality "1"]
[TimeControl "600+3"]

1. d4 d5 2. Bf4 c5 3. e3 cxd4 4. exd4 Nf6 5. c3 Nc6 6. Nf3 Bf5 7. Bd3 Bg6 8. Ne5 Nxe5 9. Bxe5 Bxd3 10. Qxd3 Ne4 11. f3 Nd6 12. Bxd6 Qxd6 13. O-O e6 14. Nd2 Qd7 15. f4 Bd6 16. f5 exf5 17. Qxf5 Qxf5 18. Rxf5 O-O 19. Rxd5 Bf4 20. Nf3 Rfe8 21. Kf2 Be3+ 22. Kf1 Bf4 23. Rd7 Re3 24. Rxb7 Rae8 25. Rxa7 g5 26. Re1 Rxe1+ 27. Nxe1 Bxh2 28. Ra5 h6 29. Nc2 Bg3 30. Rf5 Kg7 31. Rf3 Bf4 32. c4 h5 33. d5 Bd6 34. b4 g4 35. Re3 Rxe3 36. Nxe3 Bxb4 37. Ke2 Kg6 38. a4 f5 $2 (38... Kf6) 39. Nc2 $1 $18 Bc5 40. a5 f4 41. a6 h4 {[%emt 0:00:02] [#]} 42. Kf1 $2 (42. Ne1 $1 $18 ) 42... h3 43. gxh3 gxh3 44. Ne1 Kf5 45. Nd3 $2 {[%emt 0:00:13][%mdl 8192] [#]} (45. Nf3 $11) 45... f3 $1 $19 46. Nf2 h2 47. Nh1 Ke5 (47... Bg1 $142 48. Ng3+ Ke5) 48. Ng3 Kd6 (48... Bg1 $142 49. Ke1 Be3) 49. Nh1 Ke5 $2 (49... Ba7 $19 {White must now prevent ...Be3.} 50. Ke1 Bc5) 50. Ke1 $2 (50. Ng3 $11 Kd6 51. Nf5+ Kd7 52. Ng3) 50... Kd6 $2 (50... Bg1 $19 51. Ng3 Kd6) 51. Kd2 $2 (51. Kf1 $11 Kc7 52. Ng3) 51... Ke5 $2 (51... f2 52. Ke2 $11) (51... Kc7 $19 52. Ng3 Kb6) 52. Kd3 $2 (52. Ke1 $11) 52... Kd6 (52... f2 53. Ke2 $11) 53. Kd2 $1 Ke5 $2 (53... f2 54. Ke2 $11) (53... Bg1 $19 54. Ng3 Kc7) 54. Kd3 $2 (54. Ke1 $11) 54... Kd6 (54... f2 55. Ke2 $11) (54... Bg1 $142 {Hoping for ...Bb6.} 55. Kd2 Bd4) 55. Kd2 $1 $19 Ke5 (55... f2 56. Ke2 $11) (55... Kd7 $142 56. Ng3 Kc7) 56. Ke1 $19 Kd6 $2 (56... Bb6 $19 57. Kd2 Ba7) 57. Kd2 $2 (57. Kf1 $11 Kc7 58. Ke1 (58. Ng3 $2 Kb6 $19)) 57... Ke5 $2 (57... f2 58. Ke2 $11) (57... Kc7 $19 58. Ng3 Kb6) 58. Kd3 $2 (58. Ke1 $11) 58... Kd6 $2 (58... f2 59. Ke2 $11) ({Black should play} 58... Ba7 $19 59. Kd2 Bc5) 59. Ng3 $2 (59. Kd2 $1 $11 {and White stays safe.} Kc7 60. Kd3) 59... Ke5 60. Nh1 Kd6 $2 (60... f2 61. Ke2 $11) ({Better is} 60... Ba7 $19 61. Kd2 Bd4) 61. Kd2 $2 (61. Ng3 $11 Kd7 62. Kd2 (62. Ke4 $2 f2 $19)) 61... Ke5 (61... f2 62. Ke2 $11) 62. Kd3 Kd6 $2 ({And not} 62... f2 63. Ke2 $11) ({Black should try} 62... Ba7 $19 {aiming for ...Kd6.} 63. Kd2 Kd6) 63. Kd2 $2 (63. Ng3 $11 {and White has nothing to worry.} Kd7 64. Kd2 (64. Ke4 $2 f2 $19)) 63... Ke5 ({Stronger than} 63... f2 64. Ke2 $11) (63... Kd7 $142 {Threatens to win with ...Kc7.} 64. Ke1 Kc7) 64. Kd3 1/2-1/2

[Event "27th Sharjah International Rapid Chess-c"]
[Site "Sharjah"]
[Date "2022.04.07"]
[Round "5.28"]
[White "Faisal, Ali"]
[Black "Ahlam Rashed"]
[Result "1-0"]
[ECO "C02"]
[WhiteElo "1858"]
[BlackElo "1244"]
[Annotator "NA RC"]
[PlyCount "85"]
[EventDate "2022.04.07"]
[EventType "rapid"]
[EventCountry "UAE"]
[SourceTitle "playchess.com"]
[Source "ChessBase"]
[SourceQuality "1"]
[TimeControl "600+3"]

1. e4 e6 2. d4 d5 3. e5 c5 4. Nf3 Nc6 5. c3 Qb6 6. Be2 cxd4 7. cxd4 Bd7 8. Nc3 Nge7 9. Na4 Qc7 10. Nc5 Nf5 11. Nxd7 Qxd7 12. O-O Bb4 13. a3 Ba5 14. b4 Bb6 15. Bb2 O-O 16. Bd3 h6 17. Bxf5 exf5 18. Qd3 Qe6 19. Nh4 Ne7 20. f4 Rac8 21. Rac1 a6 22. Rxc8 Rxc8 23. Rc1 Rxc1+ 24. Bxc1 Qc6 25. Bb2 Qc4 26. Qxc4 dxc4 27. Kf1 Nd5 28. Nxf5 Nxf4 29. Ne3 Ne6 30. Nc2 Nf4 31. g3 Ne6 32. Ke2 Kf8 33. Ke3 Ke7 34. a4 Nc7 35. Ke4 Ke6 36. Ne3 f6 37. d5+ Kd7 38. e6+ Ke7 39. Nxc4 f5+ 40. Ke5 Na8 41. d6+ Ke8 42. e7 Bg1 43. Ke6 1-0

[Event "27th Sharjah International Rapid Chess-c"]
[Site "Sharjah"]
[Date "2022.04.07"]
[Round "5.29"]
[White "Nookala, Nikhil Sriram"]
[Black "Mastrokoukos, George"]
[Result "0-1"]
[ECO "B40"]
[WhiteElo "1266"]
[BlackElo "2306"]
[Annotator "TA"]
[PlyCount "90"]
[EventDate "2022.04.07"]
[EventType "rapid"]
[EventCountry "UAE"]
[SourceTitle "playchess.com"]
[Source "ChessBase"]
[SourceQuality "1"]
[TimeControl "600+3"]

1. e4 c5 2. Nf3 e6 3. d4 cxd4 4. Nxd4 Nf6 5. Nc3 Nc6 6. Ndb5 d6 7. Bf4 e5 8. Bg5 a6 9. Bxf6 gxf6 10. Na3 b5 11. Nd5 Bg7 12. c3 Ne7 13. Nc2 f5 14. exf5 Bxf5 15. Nce3 Be6 16. Nxe7 Qxe7 17. Bd3 d5 {[%emt 0:00:36] Against Be4. B33: Sicilian: Pelikan and Sveshnikov Variations.} 18. Nf5 Qf6 {[%emt 0:01:11] [#]} 19. Ng3 $146 (19. Nxg7+ $11 {was preferrable.} Qxg7 20. O-O) ({Predecessor:} 19. Nxg7+ Qxg7 20. g3 e4 21. Be2 O-O 22. Qd4 Rfc8 23. Kd2 Qg5+ 24. Qe3 Qe7 25. a3 {½-½ (45) Bizopoulos,A (2141)-Souleidis,G (2431) Paleochora 2008}) 19... e4 {[%emt 0:00:55] Black is slightly better.} 20. Be2 Qe5 21. O-O O-O 22. f4 exf3 23. Bxf3 b4 24. cxb4 Qxb2 {[%emt 0:00:03] aiming for ...Bd4+.} 25. Rb1 Qxa2 26. Kh1 Rad8 27. Bg4 (27. Be2 $11) 27... Qc4 (27... d4 $15) 28. Bxe6 (28. Be2 $11 {remains equal.} Qd4 29. Qxd4 Bxd4 30. Bxa6) 28... fxe6 $17 {[%emt 0:00:01] Black keeps a firm grip on the game.} 29. Qh5 {[%emt 0:00:17] [#]} (29. Re1 $17) 29... Rxf1+ $1 $19 30. Rxf1 Rf8 {[%emt 0:00:04] Inhibits Qf7+. Active counter play!} ({Stronger than} 30... Qxb4 31. Qf7+ Kh8 32. Nh5 $17) 31. Rxf8+ (31. Rb1 {was called for.}) 31... Kxf8 32. h3 $2 (32. Qg5 {might work better.} Qxb4 33. h3) 32... Qxb4 (32... Qc1+ $142 33. Kh2 Qf4) 33. Qxh7 $2 {[%emt 0:00:31] [#]} (33. Qf3+ $19 Ke7 34. Qe3) 33... Qe1+ {[%emt 0:00:02] Black mates.} 34. Kh2 Be5 35. Qh6+ Ke7 36. Qh4+ Kd7 37. Qa4+ Kd8 38. Qh4+ Kc8 39. Qg4 Qxg3+ 40. Qxg3 Bxg3+ 41. Kxg3 {[%emt 0:00:03] K3P-KPP} a5 42. h4 a4 43. Kf4 a3 44. Ke5 a2 45. Kxe6 a1=Q {[%emt 0:00:02] Weighted Error Value: White=0.38/Black=0.17 (very precise)} 0-1